AoeStats
← King Robinson

MegaRandom

509352555Analyzed
4v4 RM · 5d ago on Sep 26, 2026· 32m 22s· 8 players
Game mode
Random Map
Map size
Large (8 player)
Population
200
Speed
Normal
Resources
Standard
Victory
Conquest
Starting age
Dark Age
Ending age
Imperial Age
RankedLock teamsTeams togetherTeam positionsShared explorationLock speedFull tech treeHidden civsTurbo modeCheats
Victory
Defeat
🇮🇳 Burgundians · India
1295
+15
🇦🇷 Spanish · Argentina
1273
+16
🇹🇼 Bulgarians · Taiwan
1244
+17
🇨🇳 Japanese · China
1226
+18
🇩🇪 Tatars · Germany
1281
-17
🇮🇹 Dravidians · Italy
1279
-17
🇳🇱 Khmer · Netherlands
1261
-16
🇹🇼 Koreans · Taiwan
1256
-16
BøM_從小不缺鮑魚
8:19 Loom
13:25 Feudal Age
13:55 Double-Bit Axe
15:04 Gold Mining
18:18 Loom
21:18 Castle Age
20:18 Stone Mining
20:24 Fletching
20:21 Horse Collar
21:22 Crossbowman
33:09 Imperial Age
31:14 Bodkin Arrow
32:24 Wheelbarrow
32:58 Bow Saw
King Robinson
6:13 Loom
14:16 Feudal Age
14:55 Double-Bit Axe
20:41 Castle Age
18:30 Horse Collar
18:59 Scale Barding Armor
19:32 Forging
21:31 Wheelbarrow
21:47 Heavy Plow
22:23 Bow Saw
27:55 Bloodlines
29:11 Hand Cart
30:29 Chain Barding Armor
30:52 Town Watch
bindella
4:09 Loom
14:48 Feudal Age
16:52 Fishing Lines
21:03 Fletching
Theurarthur
16:12 Feudal Age
16:18 Man-at-Arms
19:54 Wheelbarrow
22:22 Loom
24:43 Castle Age
23:58 Fletching
24:09 Padded Archer Armor
25:46 Bodkin Arrow
27:33 Double-Bit Axe
29:40 Horse Collar
maniaaaaaac
3:32 Loom
11:06 Double-Bit Axe
15:54 Feudal Age
14:37 Fishing Lines
16:26 Gillnets
21:42 Bow Saw
23:41 Castle Age
24:37 Medium Warships
28:36 Scale Barding Armor
28:41 Forging
28:33 Husbandry
27:53 Cavalier
30:12 Iron Casting
29:58 Chain Barding Armor
29:27 Horse Collar
:D:D:D:D
3:39 Loom
16:26 Feudal Age
16:53 Double-Bit Axe
17:44 Wheelbarrow
16:51 Horse Collar
18:27 Fletching
23:51 Castle Age
24:52 Hand Cart
24:48 Bow Saw
29:08 Stone Mining
30:31 Gold Mining
33:23 Gold Shaft Mining
1097962590
5:05 Loom
16:15 Feudal Age
17:27 Town Watch
26:08 Castle Age
26:07 Double-Bit Axe
26:05 Horse Collar
27:14 Fletching
28:38 Bow Saw
30:37 Bodkin Arrow
熊熊
11:03 Loom
13:17 Feudal Age
13:34 Man-at-Arms
25:20 Forging
25:03 Fletching
28:39 Castle Age
29:49 Forging
32:12 Double-Bit Axe
Connection lost

Rejoining the realm…

Still unreachable

The connection could not be restored.

Session expired

The server has moved on; the page needs a fresh start.